 Dungeon Crawl Stone Soup version 0.31-a0-986-g5e6e4ef867 (webtiles) character file.

Game seed: 10523050550372306646

8817 FakeRyeBread the Basher (level 11, -1/68 HPs)
             Began as a Gargoyle Fighter on Nov 8, 2023.
             Was a High Priest of Okawaru.
             Shot with an arrow by a centaur warrior (11 damage)
             ... on level 10 of the Dungeon.
             The game lasted 00:36:20 (11345 turns).

FakeRyeBread the Basher (Gargoyle Fighter)         Turns: 11345, Time: 00:36:21

Health: -1/68      AC: 26    Str: 24    XL:     11   Next: 36%
Magic:  14/14      EV:  7    Int: 15    God:    Okawaru [*****.]
Gold:   570        SH:  9    Dex:  9    Spells: 10/10 levels left

rFire   . . .        j - +1 demon whip (venom)
rCold   . . .        E - +0 kite shield
rNeg    + . .        z - +0 plate armour
rPois   ∞            (no helmet)
rElec   +            C - +2 cloak {rPois}
rCorr   .            (no gloves)
SInv    .            i - +0 pair of boots
Will    .....        u - amulet of faith Stlth
                     f - +6 ring of intelligence
HPRegen 0.31/turn    (no ring)
MPRegen 0.14/turn

%: faith
@: hasted, very quick
A: sickness immunity, AC +8, negative energy resistance 1, electricity
resistance, torment resistance 1, petrification resistance
a: Renounce Religion, Heroism, Finesse, Duel


You were on level 10 of the Dungeon.
You worshipped Okawaru.
Okawaru was extremely pleased with you.
You visited 2 branches of the dungeon, and saw 11 of its levels.

You collected 570 gold pieces.

Inventory:

Hand Weapons
 j - a +1 demon whip of venom (weapon)
 x - a +0 morningstar
Missiles
 t - 11 boomerangs (quivered)
 y - 3 silver javelins
 F - 2 throwing nets
Armour
 i - a +0 pair of boots (worn)
 z - a +0 plate armour (worn)
 C - a +2 cloak of poison resistance (worn)
 E - a +0 kite shield (worn)
Jewellery
 c - an amulet of magic regeneration
 f - a +6 ring of intelligence (left hand)
 u - an amulet of faith (around neck)
Wands
 h - a wand of roots (19)
 l - a wand of polymorph (5)
 m - a wand of mindburst (11)
 v - a wand of digging (6)
 B - a wand of acid (5)
Scrolls
 b - a scroll of amnesia
 e - a scroll of revelation
 k - a scroll of enchant armour
 s - 5 scrolls of immolation
 w - a scroll of fear
 D - 4 scrolls of identify
Potions
 a - a potion of degeneration
 d - 2 potions of might
 n - 3 potions of mutation
 o - a potion of ambrosia
 p - a potion of berserk rage
 q - 2 potions of cancellation
 r - 3 potions of attraction
 A - a potion of enlightenment


   Skills:
 + Level 8.3 Fighting
 * Level 10.0 Maces & Flails
 + Level 8.3 Armour
 + Level 5.5 Dodging
 + Level 8.1 Shields
 - Level 5.0 Invocations


You had 10 spell levels left.
You didn't know any spells.
Your spell library contained the following spells:

 Spells                   Type           Power      Damage    Failure   Level
 Magic Dart               Conj           0%         1d3       99%         1
 Sting                    Tmut/Pois      0%         1d3       99%         1
 Blink                    Tloc           0%         N/A       100%        2
 Lesser Beckoning         Tloc           0%         N/A       100%        2
 Momentum Strike          Conj/Tloc      0%         3d8       100%        2
 Poisonous Vapours        Pois/Air       0%         N/A       100%        2
 Mephitic Cloud           Conj/Pois/Air  0%         N/A       100%        3
 Olgreb's Toxic Radiance  Pois           0%         N/A       100%        4
 Call Imp                 Summ           Unusable   N/A       N/A         2

Dungeon Overview and Level Annotations

Branches:
Dungeon (10/15)            Temple (1/1) D:4            Lair (0/5) D:9
    Orc (0/2) D:9

Altars:
Ashenzari
Cheibriados
Dithmenos
Elyvilon
Fedhas
Gozag
Hepliaklqana
Kikubaaqudgha
Makhleb
Nemelex Xobeh
Okawaru
Qazlal
Ru
Sif Muna
Trog
Uskayaw
Vehumet
Wu Jian
Xom
Yredelemnul
Zin
The Shining One

Shops:
D:6 :   D:8 :


Innate Abilities, Weirdness & Mutations

You are immune to sickness and miasma.
Your stone body is resilient. (AC +8)
You are immune to poison.
You resist negative energy. (rN+)
You are resistant to electric shocks. (rElec)
You are resistant to unholy torment.
You are immune to petrification.


Message History

The wight is severely damaged.
The wight hits you with a +0 battleaxe.
You hit the wight but do no damage.
The wight is severely damaged.
You whack the wight!
You destroy the wight!
Okawaru accepts your kill.
Items here: ))) [[[.
Okay, then.
You start resting.
HP restored.
An ogre mage, a centaur warrior, a basilisk, an orc knight, 2 manticores and a freezing wraith come into view.
The centaur warrior shouts!
The basilisk hisses angrily.
The orc knight shouts!
You hear a horrible gurgling sound!
You hear a shout!
A brown ugly thing comes into view.
The centaur warrior wields a +0 orcbow.
The centaur warrior shoots an arrow.
The arrow hits you but does no damage.
The freezing wraith moves out of view.
You hear a shout!
The orc knight roars a battlecry!
You hear a shout!
A deep elf pyromancer comes into view. It is wielding a +0 short sword.
The deep elf pyromancer shouts!
An orc knight comes into view. It is wielding a +0 war axe.
The deep elf pyromancer gestures at you while chanting.
The bolt of fire hits you!!
The orc knight roars a battlecry!
The orc knight goes into a battle-frenzy!
The deep elf pyromancer mumbles some strange words.
The deep elf pyromancer casts a spell.
There are monsters nearby!
The centaur warrior shoots an arrow.
You block the arrow.
Items here: ))) [[[.
Items here: )) [[.
The centaur warrior shoots an arrow.
The arrow hits you!!
The centaur warrior shoots an arrow.
The arrow hits you!!
* * * LOW HITPOINT WARNING * * *
You feel yourself speed up.
An orc knight is nearby!
The centaur warrior shoots an arrow.
The arrow hits you!
You die...

#........'.............
#####....##.#########.#
.....#..###...........#
#.#.##.#.....)))).......# ..
#.#.......#...#<).......#
...###.#.##.#.[..#.##......###
............#.>.##..'.........
...........##..######......#..
...........##@.#......###..#..
...............#.####......###
............#.##.# #####.##
.................# #.#
+####.co...#.#### #.#### .#
#.####.#........ #..... .# #)#
#.########. ###### .#
##)####.# . #.....#.#


You could see an orc knight and a centaur warrior.

Vanquished Creatures
  Harold (D:10)
  Amaemon (D:8)
  Pikel (D:7)
  A cyclops (D:10)
  Maurice (D:8)
  An orange demon (D:8)
  Jeremiah (D:7)
  A hornet (D:7)
  Grinder (D:4)
  A wyvern (D:6)
  7 yaks (D:9)
  6 orc warriors
  3 ice beasts
  A sky beast (D:7)
  An ogre (D:7)
  2 black bears
  3 centaurs
  2 lemures
  4 kobold brigands
  3 gnoll sergeants
  5 bullfrogs
  2 scorpions
  17 wights
  2 jellies
  A howler monkey (D:7)
  A crimson imp (D:7)
  Crazy Yiuf (D:7)
  3 orc priests
  3 hounds
  A gnoll bouda (D:9)
  2 iguanas (D:5)
  10 orc wizards
  29 gnolls
  7 adders
  2 shadow imps
  A white imp (D:4)
  6 ufetubi
  3 worms
  2 dart slugs
  47 orcs
  10 endoplasms
  2 giant cockroaches
  15 hobgoblins
  4 jackals (D:1)
  4 quokkas
  12 ball pythons
  5 bats
  2 frilled lizards
  5 goblins
  26 kobolds
  7 rats
279 creatures vanquished.

Vanquished Creatures (others)
  A manticore (D:10)
  An orc (D:5)
2 creatures vanquished.

Grand Total: 281 creatures vanquished

Notes
Turn   | Place    | Note
-------+----------+-------------------------------------------
     0 | D:1      | FakeRyeBread the Gargoyle Fighter began the quest for the
                  | Orb.
     0 | D:1      | Reached XP level 1. HP: 14/14 MP: 1/1
    91 | D:1      | Reached XP level 2. HP: 19/19 MP: 2/2
   363 | D:1      | Reached XP level 3. HP: 23/23 MP: 3/3
  1593 | D:3      | Reached XP level 4. HP: 28/28 MP: 4/4
  1598 | D:3      | Reached skill level 3 in Maces & Flails
  1697 | D:3      | Reached skill level 1 in Dodging
  1701 | D:3      | Found a sparkling altar of Nemelex Xobeh.
  2089 | D:3      | Reached XP level 5. HP: 32/33 MP: 5/5
  2167 | D:3      | Found a bloodstained altar of Trog.
  2467 | D:4      | Found a staircase to the Ecumenical Temple.
  2471 | Temple   | Entered the Ecumenical Temple
  2498 | Temple   | Became a worshipper of Warmaster Okawaru
  2532 | D:4      | Noticed Grinder
  2549 | D:4      | Paralysed by Grinder for 2 turns
  2580 | D:4      | Killed Grinder
  2580 | D:4      | Reached * piety under Okawaru
  2581 | D:4      | Reached skill level 4 in Maces & Flails
  2581 | D:4      | Reached XP level 6. HP: 7/38 MP: 6/6
  2997 | D:4      | Noticed a black bear
  3001 | D:4      | Killed a black bear
  3002 | D:4      | Reached XP level 7. HP: 42/44 MP: 7/7
  3462 | D:5      | Entered Level 5 of the Dungeon
  3509 | D:4      | Reached ** piety under Okawaru
  3594 | D:5      | Reached skill level 5 in Maces & Flails
  3630 | D:5      | Reached skill level 1 in Invocations
  3888 | D:5      | Reached skill level 5 in Fighting
  3888 | D:5      | Reached skill level 5 in Shields
  3896 | D:5      | Reached skill level 5 in Armour
  3971 | D:5      | Reached XP level 8. HP: 47/49 MP: 9/9
  4051 | D:5      | Found a glowing golden altar of the Shining One.
  4054 | D:5      | Noticed an angel
  4109 | D:5      | Found a basalt altar of Yredelemnul.
  4114 | D:5      | Noticed a profane servitor
  4766 | D:6      | Found Haffiqol's Book Shop.
  5087 | D:6      | Reached *** piety under Okawaru
  5088 | D:6      | Reached skill level 6 in Maces & Flails
  5497 | D:7      | Noticed Jeremiah
  5497 | D:7      | Noticed Pikel
  5680 | D:7      | Noticed a hornet
  5752 | D:7      | Reached XP level 9. HP: 45/55 MP: 11/11
  6225 | D:7      | Reached **** piety under Okawaru
  6226 | D:7      | Reached skill level 7 in Maces & Flails
  6418 | D:7      | Killed a hornet
  6732 | D:7      | Killed Pikel
  6732 | D:7      | Reached ***** piety under Okawaru
  7023 | D:7      | Found a burning altar of Makhleb.
  7023 | D:7      | Found a shimmering altar of Xom.
  7030 | D:7      | Reached XP level 10. HP: 61/61 MP: 13/13
  7092 | D:7      | Found a runed translucent door.
  7093 | D:7      | Noticed Crazy Yiuf
  7162 | D:7      | Killed Crazy Yiuf
  7527 | D:7      | Killed Jeremiah
  7528 | D:7      | Reached skill level 8 in Maces & Flails
  7893 | D:8      | Noticed Maurice
  8061 | D:8      | Maurice stole a +5 flail
  8063 | D:8      | Maurice stole 7 boomerangs
  8064 | D:8      | Maurice stole 43 gold
  8066 | D:8      | Maurice stole 61 gold
  8069 | D:8      | Maurice stole 325 gold
  8079 | D:8      | Killed Maurice
  8079 | D:8      | Received a gift from Okawaru
  8827 | D:8      | Found Nientej's Self-Improvement Boutique.
  8855 | D:7      | Reached skill level 5 in Invocations
  9213 | D:8      | Noticed Amaemon
  9232 | D:8      | Noticed an orange demon
  9259 | D:8      | Killed Amaemon
  9278 | D:8      | Killed an orange demon
  9651 | D:8      | Reached skill level 9 in Maces & Flails
  9827 | D:9      | Reached skill level 5 in Dodging
  9945 | D:9      | Found a staircase to the Orcish Mines.
 10049 | D:9      | Found a staircase to the Lair.
 10084 | D:9      | Found a large runed translucent door.
 10085 | D:9      | Found a large runed translucent door.
 10095 | D:9      | Received a gift from Okawaru
 10111 | D:9      | Reached XP level 11. HP: 46/68 MP: 14/14
 10487 | D:9      | Noticed a cyclops
 10599 | D:9      | Found a broken altar of Ashenzari.
 10610 | D:9      | Found a radiant altar of Vehumet.
 10649 | D:10     | Entered Level 10 of the Dungeon
 10938 | D:10     | Noticed Harold
 10950 | D:10     | Killed Harold
 10997 | D:10     | Noticed a cyclops
 11089 | D:10     | Killed a cyclops
 11091 | D:10     | Reached skill level 10 in Maces & Flails
 11314 | D:10     | Noticed an ogre mage
 11314 | D:10     | Noticed a manticore
 11314 | D:10     | Noticed a centaur warrior
 11314 | D:10     | Noticed an orc knight
 11314 | D:10     | Noticed a manticore
 11314 | D:10     | Noticed a brown ugly thing
 11318 | D:10     | Noticed a deep elf pyromancer
 11318 | D:10     | Noticed an orc knight
 11333 | D:10     | Killed a manticore
 11345 | D:10     | Shot with an arrow by a centaur warrior

Illustrated notes

Levels and vault maps discovered:
D:1:      shiori_arrival_elements, layout_rooms, chequers_serial_rivers_room_b,
          ebering_dispersal_statue_hall
D:2:      minmay_door_path, layout_basic, guppyfry_early_lair_pool
D:3:      layout_basic, lightli_temple_of_fire, nemelex_diamond_rough_becter,
          minmay_stone_trees_small
D:4:      layout_loops_ring, temple_statues, uniq_grinder
D:5:      layout_loops_ring, grunt_temple_overflow_holy_war
D:6:      layout_gridville, serial_shops, shop, nicolae_elevator_lobby_plus
D:7:      layout_rooms, grunt_temple_overflow_champion_of_chaos,
          kennysheep_potato, uniq_crazy_yiuf_cottage, uniq_jeremiah, uniq_pikel
D:8:      layout_rooms, nicolae_shop_self_help, uniq_amaemon, uniq_maurice
D:9:      layout_rooms, jmf_multi_god_temple2, lair_entry_dummy, orc_0_dummy,
          hangedman_abyss_or_decor_lesser_grid, chequers_arboretum,
          lightli_corner_chamber
D:10:     layout_basic, minivault_28, uniq_harold
Temple:   dpeg_chambers_temple

Skill      XL: |  1  2  3  4  5  6  7  8  9 10 11 |
---------------+----------------------------------+-----
Maces & Flails | 3 4 5 6 7 9 10 | 10.0
Dodging        | 1 2 3 4 5 |  5.5
Fighting       | 4 5 6 7 8 |  8.3
Armour         | 4 5 6 7 8 |  8.3
Shields        | 4 5 6 7 8 |  8.1
Invocations    | 1 3 4 5 |  5.0

Action                     |  1- 3 |  4- 6 |  7- 9 | 10-12 || total
---------------------------+-------+-------+-------+-------++-------
  Melee: Flail             |   153 |   102 |   199 |     8 ||   462
         Whip              |       |    82 |   200 |   269 ||   551
         Demon whip        |       |       |       |   242 ||   242
 Invoke: Heroism           |       |       |     2 |     2 ||     4
    Use: Scroll            |     6 |     4 |     9 |     2 ||    21
         Potion            |       |     1 |     2 |     2 ||     5
 Armour: Scale mail        |   136 |    12 |       |       ||   148
         Chain mail        |       |   134 |   265 |       ||   399
         Plate armour      |       |       |    36 |   398 ||   434
  Dodge: Dodged            |   100 |    83 |   164 |   147 ||   494
  Block: Buckler           |    43 |    24 |    92 |    48 ||   207
         Kite shield       |       |       |       |   140 ||   140

Table legend: (Time is in decaauts)
 A = Elapsed time spent in this place.
 B = Non-inter-level travel time spent in this place.
 C = Inter-level travel time spent in this place.
 D = Time resting spent in this place.
 E = Time spent auto-exploring this place.
 F = Levels seen in this place.
 G = Mean time per level.
                   A        B        C        D        E       F      G
               +--------+--------+--------+--------+--------+-----+--------+
         Total |  11289 |   9831 |   1458 |   2244 |   4506 |  11 | 1026.3 |
       Dungeon |  11234 |   9828 |   1406 |   2244 |   4506 |  10 | 1123.4 |
        Temple |     54 |      2 |     52 |      0 |      0 |   1 |   54.0 |
               +--------+--------+--------+--------+--------+-----+--------+

Top non-repeatable levels by time:
     D:7: 2482 daAuts
     D:6: 1634 daAuts
     D:4: 1046 daAuts
     D:8: 995 daAuts
     D:5: 986 daAuts
     D:9: 982 daAuts
     D:3: 951 daAuts
     D:1: 775 daAuts
     D:2: 746 daAuts
    D:10: 634 daAuts
  Temple: 54 daAuts
